 Dungeon Crawl Stone Soup version 0.30-a0-799-g109b55a442 (webtiles) character file.

Game seed: 4890593158528165733

257 greasedhog the Cudgeller (level 6, -2/39 HPs)
             Began as a Gargoyle Chaos Knight on Feb 20, 2023.
             Was a Plaything of Xom.
             Slain by a cane toad (shapeshifter) (6 damage)
             ... in a sewer.
             The game lasted 00:04:16 (1879 turns).

greasedhog the Cudgeller (Gargoyle Chaos Knight)    Turns: 1879, Time: 00:04:17

Health: -2/39      AC: 14    Str: 18    XL:     6   Next: 16%
Magic:  6/6        EV:  9    Int: 12    God:    Xom [.*....]
Gold:   169        SH:  0    Dex:  9    Spells: 5/5 levels left

rFire   + . .      SeeInvis .    a - +0 mace (chaos)
rCold   . . .      Faith    .    (no shield)
rNeg    + . .      Spirit   .    j - +2 scale mail {rPois}
rPois   ∞          Reflect  .    (no helmet)
rElec   +          Harm     .    (no cloak)
rCorr   .          Rampage  .    (no gloves)
Will    .....                    b - +0 pair of boots Stlth
                                 (no amulet)
HPRegen 0.26/turn                i - ring of protection from fire
MPRegen 0.10/turn                (no ring)

@: no status effects
A: sickness immunity, AC +4, negative energy resistance 1, electricity
resistance, torment resistance 1, petrification resistance
a: Renounce Religion


You were in a sewer.
You worshipped Xom.
You were a plaything of Xom.
You visited 1 branch of the dungeon, and saw 3 of its levels.
You also visited: Sewer.

You collected 169 gold pieces.

Inventory:

Hand Weapons
 a - a +0 mace of chaos (weapon)
 m - a +2 mace of holy wrath
Missiles
 f - 4 curare-tipped darts
Armour
 b - a +0 pair of boots (worn)
 j - a +2 scale mail of poison resistance (worn)
Jewellery
 i - a ring of protection from fire (left hand)
Wands
 l - a wand of quicksilver (7)
Scrolls
 d - 4 scrolls of fear
 g - a scroll of enchant armour {unknown}
 h - a scroll of enchant weapon {unknown}
Potions
 e - a potion of heal wounds {unknown}
 k - a potion of curing
Miscellaneous
 c - a piece from Xom's chessboard (15/15) (quivered)


   Skills:
 + Level 4.5 Fighting
 * Level 5.0 Maces & Flails
 + Level 3.9 Armour
 - Level 1.1 Dodging


You had 5 spell levels left.
You didn't know any spells.
Your spell library contained the following spells:

 Spells                   Type           Power      Damage    Failure   Level
 Freeze                   Ice            0%         1d3       69%         1
 Wereblood                Tmut           0%         N/A       83%         2
 Kindle Blastsparks       Fire/Tloc/Air  0%         2d10      96%         3
 Fulminant Prism          Conj/Hex       0%         3d5       100%        4
 Iskenderun's Mystic Bla  Conj/Tloc      0%         2d3       100%        4
 Lee's Rapid Deconstruct  Erth           0%         3d4*      100%        5
 Summon Hydra             Summ           0%         N/A       100%        7
 Sublimation of Blood     Necr           Unusable   N/A       N/A         2

Dungeon Overview and Level Annotations

Branches:
Dungeon (3/15)              Sewer (1/1)

Altars:


Innate Abilities, Weirdness & Mutations

You are immune to sickness and miasma.
Your stone body is resilient. (AC +4)
You are immune to poison.
You resist negative energy. (rN+)
You are resistant to electric shocks. (rElec)
You are resistant to unholy torment.
You are immune to petrification.


Message History

The kobold brigand splashes around in the water.
You hit the kobold brigand.
The kobold brigand appears confused.
The kobold brigand is moderately wounded.
The kobold brigand says, "I'm a little confused."
The kobold brigand splashes around in the water.
The kobold brigand barely misses you.
You sock the kobold brigand!
You hear a splash. x2
The kobold brigand changes into a shapeshifter!
The shapeshifter is lightly wounded.
The shapeshifter changes into a cane toad!
Aiming: Quicksilver Bolt
Press: ? - help, Shift-Dir - straight line, f - cane toad
Aim: a cane toad shaped shifter (75% to hit)
The bolt of dispelling energy misses the cane toad.
The cane toad stings you but does no damage.
You hit the cane toad but do no damage.
Xom's power touches on a nearby monster.
The cane toad seems to grow stronger.
The cane toad stings you!!
Ouch! That really hurt!
You hit the cane toad.
Nothing appears to happen.
The cane toad is lightly wounded.
The cane toad barely misses you.
You hit the cane toad.
The cane toad is lightly wounded.
The cane toad stings you!
* * * LOW HITPOINT WARNING * * *
The cane toad closely misses you.
You barely miss the cane toad.
The cane toad is lightly wounded.
The cane toad stings you but does no damage.
You hit the cane toad but do no damage.
The cane toad suddenly seems more resistant.
The cane toad is lightly wounded.
The cane toad barely misses you.
You hit the cane toad. You punch the cane toad.
The cane toad is moderately wounded.
The cane toad stings you.
You die...
Xom howls with laughter!

#~###~# #~.~~~# ##..~##
#.~~# #~~.# #.~.## #####
#.~~.## #.~~~.#####
#.~~~~##
#~F@~~########..~.~~
#.~~~~###.~..~~.####~~~~
##### #~.~~~~~.# ##.~.
#~~.~..~~####~..
~~.~####.~~.##.~~. #####
##~~~.~.~.. ##~~~.~~.~
#~~..~... #~~~~.~..


You could see a cane toad shaped shifter (strong, resistant).

Vanquished Creatures
  A kobold brigand (Sewer)
  An orc priest (D:3)
  An orc wizard (D:3)
  4 adders
  2 river rats (Sewer)
  An ufetubus (D:3)
  2 worms (Sewer)
  2 dart slugs (D:1)
  2 orcs (D:3)
  7 bats
  3 endoplasms
  2 giant cockroaches
  2 goblins (D:1)
  2 hobgoblins
  5 jackals
  3 quokkas (D:1)
  9 ball pythons
  A frilled lizard (D:1)
  10 kobolds
  6 rats (Sewer)
66 creatures vanquished.

Vanquished Creatures (others)
  An adder (Sewer)
1 creature vanquished.

Grand Total: 67 creatures vanquished

Notes
Turn   | Place    | Note
-------+----------+-------------------------------------------
     0 | D:1      | greasedhog the Gargoyle Chaos Knight began the quest for
                  | the Orb.
     0 | D:1      | Reached XP level 1. HP: 14/14 MP: 1/1
   145 | D:1      | XOM: divination: detect creatures
   177 | D:1      | XOM: potion effect (haste)
   195 | D:1      | Reached XP level 2. HP: 19/19 MP: 2/2
   205 | D:1      | Reached skill level 1 in Dodging
   557 | D:1      | Reached XP level 3. HP: 23/23 MP: 3/3
   587 | D:2      | XOM: divination: detect creatures
  1098 | D:3      | Reached skill level 4 in Maces & Flails
  1098 | D:3      | Reached XP level 4. HP: 17/29 MP: 4/4
  1183 | D:3      | Found a faded altar of an unknown god.
  1197 | D:3      | Got Plato's Guide on Glaciation
  1244 | D:3      | Reached XP level 5. HP: 33/33 MP: 5/5
  1246 | D:3      | Found a glowing drain.
  1262 | Sewer    | Entered a sewer
  1414 | Sewer    | Noticed a kobold brigand
  1430 | Sewer    | Killed a kobold brigand
  1488 | Sewer    | XOM: noise
  1634 | Sewer    | XOM: cast spell 'Discord'
  1639 | Sewer    | Reached XP level 6. HP: 39/39 MP: 6/6
  1765 | Sewer    | Reached skill level 5 in Maces & Flails
  1872 | Sewer    | a kobold brigand changed into a shapeshifter
  1872 | Sewer    | Noticed a shapeshifter (shapeshifter)
  1872 | Sewer    | a shapeshifter changed into a cane toad
  1872 | Sewer    | Noticed a cane toad (shapeshifter)
  1874 | Sewer    | XOM: enchant monster (bad)
  1879 | Sewer    | Slain by a cane toad (shapeshifter)

Illustrated notes

Levels and vault maps discovered:
D:1:      lordsloth_arrival_two_stooges, layout_basic
D:2:      layout_rooms, dreamdust_princess_corridor
D:3:      layout_basic, shapermc_ecumenical_altar_rom_forum,
          cheibrodos_sewer_entry_sluice, minmay_between
Sewer:    sewer_co_tree

Skill      XL: |  1  2  3  4  5  6 |
---------------+-------------------+-----
Dodging        | 1 |  1.1
Armour         | 3 |  3.9
Maces & Flails | 4 5 |  5.0
Fighting       | 4 |  4.5

Action                     |  1- 3 |  4- 6 || total
---------------------------+-------+-------++-------
  Melee: Mace              |    88 |   140 ||   228
         Punch             |     1 |     2 ||     3
  Evoke: Wand              |       |     1 ||     1
    Use: Scroll            |       |     2 ||     2
 Armour: Scale mail        |    59 |    88 ||   147
  Dodge: Dodged            |    47 |    66 ||   113

Table legend: (Time is in decaauts)
 A = Elapsed time spent in this place.
 B = Non-inter-level travel time spent in this place.
 C = Inter-level travel time spent in this place.
 D = Time resting spent in this place.
 E = Time spent auto-exploring this place.
 F = Levels seen in this place.
 G = Mean time per level.
                   A        B        C        D        E       F      G
               +--------+--------+--------+--------+--------+-----+--------+
         Total |   2038 |   1994 |     44 |     31 |   1431 |   4 |  509.5 |
       Dungeon |   1266 |   1222 |     44 |      0 |    923 |   3 |  422.0 |
         Sewer |    771 |    771 |      0 |     31 |    507 |   1 |  771.0 |
               +--------+--------+--------+--------+--------+-----+--------+

Top non-repeatable levels by time:
   Sewer: 771 daAuts
     D:1: 578 daAuts
     D:2: 466 daAuts
     D:3: 220 daAuts
